 Dungeon Crawl Stone Soup version 0.21-a0-496-g696f58f (webtiles) character file.

453 slep the Ducker (level 6, 0/47 HPs)
             Began as a Demonspawn Gladiator on Nov 24, 2017.
             Slain by a hound (3 damage)
             ... on level 4 of the Dungeon.
             The game lasted 00:12:04 (2576 turns).

slep the Ducker (Demonspawn Gladiator)              Turns: 2576, Time: 00:12:05

Health: 0/47       AC: 16    Str: 14    XL:     6   Next: 75%
Magic:  6/6        EV: 12    Int: 10    God:
Gold:   202        SH:  3    Dex: 16    Spells: 5/5 levels left

rFire    . . .     SeeInvis .   g - +4 whip (pain)
rCold    . . .     Gourm    .   I - +0 buckler
rNeg     . . .     Faith    .   l - +0 ring mail (curse)
rPois    .         Spirit   .   x - +1 helmet
rElec    .         Reflect  .   k - scarf {cloud immunity}
rCorr    .         Harm     .   (no gloves)
MR       .....                  (no boots)
Stlth    +.........             (no amulet)
HPRegen  0.15/turn              (no ring)
MPRegen  0.10/turn              (no ring)

@: sanguine armour
A: hooves 1, powered by death 1, sanguine armour 2
a: no special abilities


You were on level 4 of the Dungeon.
You were hungry.

You visited 1 branch of the dungeon, and saw 4 of its levels.

You collected 202 gold pieces.

Inventory:

Hand Weapons
 a - a +0 long sword
 g - a +4 whip of pain (weapon)
 m - a +0 dagger
 q - a +1 spear of pain
 y - a +0 blowgun
Missiles
 d - 3 throwing nets (quivered)
 s - 18 poisoned needles
 v - 4 tomahawks of returning
 A - 7 tomahawks
Armour
 b - a +0 leather armour
 c - a +0 helmet
 k - a scarf of cloud immunity (worn)
 l - a cursed +0 ring mail (worn)
 t - a +2 helmet
 w - a cursed +0 ring mail
 x - a +1 helmet (worn)
 I - a +0 buckler (worn)
Scrolls
 e - a scroll of identify
 h - a scroll of random uselessness {unknown}
 i - a scroll of remove curse {unknown}
 o - a scroll of teleportation
 p - a scroll of blinking {unknown}
 r - a scroll of magic mapping
 u - a scroll of amnesia {unknown}
 C - a scroll of fear {unknown}
 D - 2 scrolls of enchant armour
Potions
 j - a potion of curing
 n - 3 potions of heal wounds
 z - a potion of might {unknown}
 F - a potion of agility {unknown}
 G - 2 potions of magic {unknown}
 H - a potion of flight {unknown}
Comestibles
 f - 3 bread rations
 B - 3 royal jellies


   Skills:
 + Level 3.3 Fighting
 + Level 3.2 Long Blades
 + Level 3.6 Maces & Flails
 + Level 1.9 Throwing
 + Level 2.7 Armour
 + Level 3.6 Dodging
 + Level 0.3 Stealth


You had 5 spell levels left.
You didn't know any spells.

Dungeon Overview and Level Annotations

Branches:
Dungeon (4/15)
 Temple: D:4-7

Altars:
Sif Muna


Innate Abilities, Weirdness & Mutations

You have large cloven feet.
You regenerate a little health from kills.
When seriously injured, your bleeding wounds create thick armour. (AC +9)


Message History

A hound comes into view.
The hound barks!
The hound misses you.
You miss the hound. You kick the hound.
The hound is lightly wounded.
The hound bites you but does no damage. The hound bites you.
* * * LOW HITPOINT WARNING * * *
You hit the hound.
The hound is lightly wounded.
The hound closely misses you. The hound barely misses you.
You miss the hound.
The hound is lightly wounded.
The hound bites you but does no damage.
You hit the hound. You kick the hound, but do no damage.
The hound is moderately wounded.
The hound closely misses you.
You closely miss the hound.
The hound is moderately wounded.
The hound bites you but does no damage. The hound bites you.
You die...

*,* *<** #.#
*,,, #.# *,,*
#.# *,,* #.#
*,,* #.# *,**
####.#####
*,,*
#........#
**,,,
#...@....#
**,,**
#...h....#
*,,***
######.###
*,**
#.#****** *,*
#..,,,,,***,*
####***,,,,,*
***,,** ****


You could see a hound.

Vanquished Creatures
  Sigmund (D:2)
  An ice beast (D:4)
  An iguana (D:3)
  A gnoll (D:1)
  A howler monkey skeleton (D:4)
  7 adders
  An ooze (D:1)
  2 worms (D:2)
  2 dart slugs
  2 leopard geckos
  2 orcs (D:3)
  6 giant cockroaches
  7 goblins
  8 hobgoblins
  4 jackals (D:3)
  10 kobolds
  3 quokkas
  A ball python (D:2)
  11 bats
  6 frilled lizards
  5 rats
82 creatures vanquished.

Notes
Turn   | Place    | Note
-------+----------+-------------------------------------------
     0 | D:1      | slep the Demonspawn Gladiator began the quest for the Orb.
     0 | D:1      | Reached XP level 1. HP: 16/16 MP: 1/1
   129 | D:1      | Gained mutation: You regenerate a little health from kills. [demonic ancestry]
   129 | D:1      | Reached XP level 2. HP: 15/22 MP: 2/2
   369 | D:1      | HP: 1/22 [frilled lizard (3)]
   373 | D:1      | Reached XP level 3. HP: 1/27 MP: 3/3
   807 | D:1      | Reached skill level 1 in Maces & Flails
  1023 | D:2      | Noticed Sigmund
  1036 | D:2      | Killed Sigmund
  1036 | D:2      | Reached skill level 1 in Armour
  1036 | D:2      | Gained mutation: When seriously injured, your bleeding wounds create armour. (AC +9) [demonic ancestry]
  1036 | D:2      | Reached XP level 4. HP: 24/34 MP: 4/4
  1036 | D:2      | Gained mutation: You have large cloven feet. [demonic ancestry]
  1036 | D:2      | Reached XP level 5. HP: 29/40 MP: 5/5
  1775 | D:3      | Gained mutation: When seriously injured, your bleeding wounds create thick armour. (AC +9) [demonic ancestry]
  1775 | D:3      | Reached XP level 6. HP: 46/46 MP: 6/6
  2337 | D:3      | Found a deep blue altar of Sif Muna.
  2530 | D:4      | Noticed an ice beast
  2553 | D:4      | HP: 1/47 [ice beast (12)]
  2557 | D:4      | Killed an ice beast
  2572 | D:4      | HP: 2/47 [hound (1)]
  2576 | D:4      | Slain by a hound

Vault maps used:
D:1:      dpeg_arrival_concentric_ovals
D:2:      uniq_sigmund
D:3:      marbit_many_paths, kennysheep_generic_room_2
D:4:      first_bread

Skill      XL: |  1  2  3  4  5  6 |
---------------+-------------------+-----
Long Blades    | 3 |  3.2
Dodging        | 3 |  3.6
Maces & Flails | 2 3 |  3.6
Armour         | 1 2 |  2.7
Fighting       | 3 |  3.3
Throwing       | |  1.9
Stealth        | |  0.3

Action                   |  1- 3 |  4- 6 || total
-------------------------+-------+-------++-------
Melee: Whip              |   112 |   163 ||   275
       Long sword        |     5 |       ||     5
       Kick              |       |    35 ||    35
  Use: Potion            |     1 |       ||     1
       Scroll            |       |     4 ||     4
  Eat: Chunk             |     1 |     4 ||     5
Armor: Leather armour    |    16 |       ||    16
       Ring mail         |    28 |    56 ||    84
Dodge: Dodged            |   103 |    88 ||   191
Block: Buckler           |       |     1 ||     1
       Rpst.: Long sword |     2 |       ||     2

Table legend:
 A = Spawn XP
 B = Non-spawn XP
 C = Spawn XP percentage of total XP
 D = Spawn monster count
 E = Non-spawn monster count
 F = Spawn count percentage of total count
 G = Total turns spent on level
                    A         B        C        D         E        F      G
               +---------+---------+-------+---------+---------+-------+---------
         Total |       0 |     648 |   0.0 |       0 |      82 |   0.0 |  2576
               +---------+---------+-------+---------+---------+-------+---------
           D:1 |       0 |      68 |   0.0 |       0 |      29 |   0.0 |   968
           D:2 |       0 |     276 |   0.0 |       0 |      18 |   0.0 |   655
           D:3 |       0 |     150 |   0.0 |       0 |      32 |   0.0 |   828
           D:4 |       0 |     154 |   0.0 |       0 |       3 |   0.0 |   125
               +---------+---------+-------+---------+---------+-------+---------
